[Event "FRA-ch Teams Top 16-B 2022"]
[Site "Chartres"]
[Date "2022.06.09"]
[Round "1.12"]
[White "Eugene, Floryan"]
[Black "Chabanon, Jean-Luc"]
[Result "1/2-1/2"]
[ECO "B03"]
[WhiteElo "2370"]
[BlackElo "2432"]
[Annotator "TA"]
[PlyCount "116"]
[EventDate "2022.06.09"]
[EventType "team-tourn"]
[EventCountry "FRA"]
[SourceTitle "playchess.com"]
[Source "ChessBase"]
[SourceQuality "1"]
[TimeControl "40/5400+30:1800+30"]

1. e4 Nf6 2. e5 Nd5 3. d4 d6 4. c4 Nb6 5. exd6 cxd6 6. Nc3 g6 7. Be3 Bg7 8. Rc1 O-O 9. b3 Bf5 10. h3 {[%emt 0:11:39] B03: Alekhine's Defence: Four Pawns Attack.} d5 11. c5 Nc8 12. g4 {[%emt 0:01:07] White is slightly better.} Be6 13. Bg2 {[%emt 0:09:19] [#]} Nc6 $146 ({Predecessor:} 13... f5 14. gxf5 Rxf5 15. Nge2 Nc6 16. Ng3 Rf8 17. h4 Qd7 18. h5 b6 19. hxg6 hxg6 {0-1 (33) Dauletova,G (2319)-Bulmaga,I (2440) Chess.com INT 2020}) 14. Nge2 f6 15. O-O (15. Nf4 $16 Bf7 16. Bxd5 Bxd5 17. Nfxd5 (17. Ncxd5 g5 $11)) 15... Bf7 $14 16. b4 a6 17. a3 e6 18. Qd2 N8e7 19. Bh6 g5 (19... Qc7 $14) 20. Bxg7 $16 Kxg7 21. f4 Ng6 22. Na4 gxf4 (22... Rb8 $142) 23. Nxf4 Nxf4 24. Qxf4 e5 25. Qe3 Qe7 26. Rce1 e4 27. Nb6 ({White should try} 27. Nc3 $14) 27... Rad8 $11 28. Qc3 (28. Rf4 $11) 28... Na7 ({Better is} 28... Be6 $15) 29. a4 Nc8 30. Nxc8 Rxc8 31. Qg3 Be8 32. Rf5 Rd8 33. g5 {[%emt 0:01:10] Intending gxf6+ and mate. 0x0.001762923f95dp-1022s more active pieces. The black rooks are badly placed.} (33. Ref1 $5 Bc6 34. R1f2 $11) 33... Bg6 $1 34. gxf6+ Rxf6 35. Re5 Qf7 36. h4 (36. Rf1 $1 $14) 36... Kh8 {[%emt 0:01:00] aiming for ...Rf8.} 37. b5 $2 (37. Rf1 $1 $11 {and White is okay.}) 37... axb5 $19 38. axb5 Rg8 39. Rg5 {[%emt 0:00:20] Hoping for Qe5.} h6 40. Rg4 Rf8 {[%emt 0:00:59] Threatens to win with ...Bh5.} 41. Qe3 Kh7 42. Rg3 Bh5 43. Kh1 $2 (43. b6 $17) 43... Rf4 44. Kg1 Qf6 45. c6 bxc6 46. b6 Rb8 ({Not} 46... Rxh4 47. Rf1 Bf3 48. Bxf3 exf3 49. Rfxf3 $16) (46... Qxh4 47. Ra1 $19) 47. Rb1 Rb7 ({Worse is} 47... Rxh4 48. b7 $17) ({But not} 47... Qxh4 $2 48. Rh3 Qg5 49. Qg3 $19) 48. Qc3 Qxh4 49. Ra1 $2 (49. Rb2) 49... Rxb6 50. Qe3 Qf6 51. Ra7+ Bf7 52. Rh3 Rb1+ 53. Kh2 Rb2 {[%emt 0:00:27][%cal Of6g7] White must now prevent ...Qg7!} 54. Qg3 Rff2 55. Kh1 Rxg2 $2 (55... Rbe2 $19 {Strongly threatening ...Rf1+.} 56. Qg4 Rf1+ 57. Kh2 {[#]} Rxg2+ $1 58. Qxg2 Rf2) 56. Rxf7+ $1 $11 {[%emt 0:00:11] The position is equal.} Qxf7 57. Rxh6+ $1 {[%emt 0:00:08][%mdl 64] [#] Decoy} Kxh6 58. Qg6+ Qxg6 {[%emt 0:00:11] Weighted Error Value: White=0.42/Black=0.23 (precise)} 1/2-1/2

[Event "FRA-ch Teams Top 16-B 2022"]
[Site "Chartres"]
[Date "2022.06.09"]
[Round "1.13"]
[White "Dionisi, Thomas"]
[Black "Hutois, Mickael"]
[Result "0-1"]
[ECO "C77"]
[WhiteElo "2408"]
[BlackElo "2238"]
[Annotator "TA"]
[PlyCount "102"]
[EventDate "2022.06.09"]
[EventType "team-tourn"]
[EventCountry "FRA"]
[SourceTitle "playchess.com"]
[Source "ChessBase"]
[SourceQuality "1"]
[TimeControl "40/5400+30:1800+30"]

1. e4 e5 2. Nf3 Nc6 3. Bb5 a6 4. Ba4 Nf6 5. d3 b5 6. Bb3 Bc5 7. Nc3 {[%emt 0:00:12] 7.c3 is becoming the main line.} d6 {[%emt 0:03:58] C77: Ruy Lopez: 3...a6 4 Ba4 Nf6, unusual lines.} 8. Nd5 h6 {[%emt 0:09:11] Against Bg5} 9. c3 Ba7 {[%emt 0:06:37] The position is equal.} 10. O-O O-O 11. Nxf6+ Qxf6 12. Bd5 {[%emt 0:00:27] [#]} Bb7 $146 ({Predecessor:} 12... Bd7 13. a4 Bb6 14. Be3 Rab8 15. axb5 axb5 16. Bxb6 Rxb6 17. Nd2 Ne7 18. Ra7 Nxd5 19. exd5 {½-½ (65) Swiercz,D (2617)-Raznikov,D (2494) Jerusalem 2015}) 13. d4 Rfb8 14. Be3 Ne7 15. Bxb7 Rxb7 16. a4 {[%emt 0:00:03] Threatening axb5.} b4 17. Qd3 a5 18. Qa6 Rbb8 19. Qc4 (19. Qxa5 Bxd4 $1 20. Qxc7 Rc8 $15) 19... bxc3 20. bxc3 exd4 21. cxd4 d5 22. exd5 Qd6 23. Bd2 Bb6 24. Ne5 Qxd5 25. Qxd5 Nxd5 26. Nc6 Re8 27. Rfe1 Kf8 28. Kf1 Ne7 29. Nxe7 Rxe7 30. Bc3 Rd8 31. Rxe7 Kxe7 $11 {[%emt 0:00:04][%mdl 4096] Endgame KRB-KRB} 32. Re1+ Kd6 33. Re5 f6 34. Re4 {[%emt 0:02:40] [#]} (34. Rb5 $11) 34... Kd5 $1 $17 35. Re7 (35. Re1 $17 {was called for.}) 35... Kc4 $19 36. Be1 Kb3 37. Rxg7 Kxa4 (37... Rxd4 38. Rg3+ Kxa4 39. Ke2 $17) 38. Rh7 $2 {[%emt 0:01:21] White does not recover from this.} (38. Bd2 $17) 38... Kb3 {[%emt 0:00:53] And now ...a4 would win.} ({Not} 38... Bxd4 39. Rxc7 Kb5 40. Ke2 $17) ({And not} 38... Rxd4 39. Rxh6 Kb5 40. Bc3 $17) 39. Rxh6 a4 40. Rxf6 $2 (40. Rh3+ Kc2 41. Rc3+ Kb2 42. Rc4) 40... a3 {[%emt 0:01:58] aiming for ...a2.} 41. Rf3+ Ka4 42. Bc3 Bxd4 43. Rd3 c5 {[%emt 0:00:00][%cal Od4c3] Hoping for ...Bxc3!} 44. h4 a2 {[%emt 0:00:00] ( -> ...Bxc3)} 45. Ba1 Rd5 46. Rd2 Kb3 47. Rd3+ Kc2 48. Ra3 Kb1 49. Bxd4 Rxd4 {[%emt 0:00:00] Black mates.} ({Weaker is} 49... cxd4 50. Ke2 $17) 50. Rb3+ Kc2 51. Ra3 Kb2 {[%emt 0:00:00] Weighted Error Value: White=1.02/Black=0.14 (very precise)} 0-1

[Event "FRA-ch Teams Top 16-B 2022"]
[Site "Chartres"]
[Date "2022.06.09"]
[Round "1.14"]
[White "Le Pen, Steven"]
[Black "Brochet, Philippe"]
[Result "0-1"]
[ECO "B90"]
[WhiteElo "2090"]
[BlackElo "2390"]
[Annotator "TA"]
[PlyCount "96"]
[EventDate "2022.06.09"]
[EventType "team-tourn"]
[EventCountry "FRA"]
[SourceTitle "playchess.com"]
[Source "ChessBase"]
[SourceQuality "1"]
[TimeControl "40/5400+30:1800+30"]

1. e4 c5 2. Nf3 d6 3. d4 cxd4 4. Nxd4 Nf6 5. Nc3 a6 6. Be3 Nbd7 7. f3 e5 {[%emt 0:13:19] B90: Sicilian Najdorf: Unusual White 6th moves, 6 Be3 Ng4 and 6 Be3 e5.} 8. Nb3 b5 9. a4 $1 b4 {[%emt 0:03:13] White is better.} 10. Nd5 Rb8 {[%emt 0:13:32] [#]} 11. Be2 $146 ({Predecessor:} 11. Bc4 Be7 12. Nxe7 Kxe7 13. Qe2 Qc7 14. O-O Nb6 15. Bd3 {1-0 (36) Spoelman,W (2445)-Schiendorfer,E (2163) Kemer 2007}) 11... Nxd5 12. Qxd5 Be7 13. a5 O-O 14. O-O Nf6 15. Qc6 (15. Qd2 $14) 15... Bb7 $15 16. Qb6 Qc8 {[%emt 0:02:37] White should prevent ...d5.} 17. Rac1 (17. Qxb4 Bxe4 $1 18. Qd2 Qxc2 19. fxe4 Qxb3 20. Bxa6 Nxe4 $17) (17. Bf2 $1 $11) 17... d5 $17 18. c3 Nd7 19. Qa7 {[%emt 0:00:52] Hoping for cxb4.} Ra8 $36 {[%emt 0:00:54][%mdl 2048] Black is really pushing.} (19... dxe4 $2 20. cxb4 Qe8 21. Rc7 $18) 20. cxb4 {[%emt 0:00:09] [#]} Bc6 $1 ({Don't play} 20... Rxa7 $6 21. Rxc8 Rxc8 22. Bxa7 $11) 21. Bxa6 Qxa6 22. Qxa6 Rxa6 23. Nc5 Nxc5 24. Bxc5 Bxc5+ 25. Rxc5 dxe4 26. b5 Rxa5 27. Rxc6 exf3 (27... Rxb5 $142 28. fxe4 Rxb2) 28. Rxf3 ({White should play} 28. b6) 28... Rxb5 {[%emt 0:00:18][%mdl 4096] Endgame KRR-KRR} 29. Re3 g6 ({Worse is} 29... Rxb2 30. Rxe5 g6 31. Rec5 $17) ({Black should try} 29... f6 $19 30. b3 Rfb8) 30. Rc7 f5 31. Rh3 Rf7 ({And not} 31... Rxb2 32. Rhxh7 Rd8 33. Rhg7+ Kh8 34. Rh7+ Kg8 35. Rhg7+ Kh8 36. Rh7+ Kg8 $11) 32. Rxf7 Kxf7 33. Rxh7+ $19 {[%emt 0:00:14] KR-KR} Kf6 34. h4 Rxb2 35. h5 $2 (35. Rh8) 35... Rb1+ 36. Kf2 Rh1 37. h6 e4 38. Rh8 Kg5 39. h7 Kf6 40. g4 Kg7 41. Re8 Rxh7 {[%emt 0:05:53] ...Kf6 is the strong threat.} 42. gxf5 gxf5 {[%emt 0:00:23] Black mates.} 43. Ke3 Kf7 44. Rb8 Rh3+ 45. Kf4 Rf3+ 46. Ke5 e3 47. Rb7+ Kg6 48. Rb6+ Kg5 {[%emt 0:00:10] Weighted Error Value: White=0.68/Black=0.10 (very precise)} (48... Kh5 $142 49. Re6 Kg4 50. Rg6+ Kh3 51. Rg1 Kh2 52. Re1 Kg2 53. Kf6 Kf2 54. Rh1 e2 55. Rh2+ Kf1 56. Kf7 e1=Q 57. Rc2 f4 58. Rc5 Rg3 59. Rh5 Qe4 60. Rc5 f3 61. Ra5 f2 62. Ra6 Qf5+ 63. Rf6 Qd7+ 64. Kf8 Qg7+ 65. Ke8 Qxf6 66. Kd7 Rg7+ 67. Ke8 Qe7#) 0-1

[Event "FRA-ch Teams Top 16-B 2022"]
[Site "Chartres"]
[Date "2022.06.09"]
[Round "1.15"]
[White "Marcelin, Cyril"]
[Black "Prodhomme, Boris"]
[Result "1-0"]
[ECO "D00"]
[WhiteElo "2440"]
[BlackElo "2045"]
[Annotator "TA"]
[PlyCount "67"]
[EventDate "2022.06.09"]
[EventType "team-tourn"]
[EventCountry "FRA"]
[SourceTitle "playchess.com"]
[Source "ChessBase"]
[SourceQuality "1"]
[TimeControl "40/5400+30:1800+30"]

1. d4 Nf6 2. Nf3 g6 3. Nc3 d5 4. Bf4 Bg7 5. Nb5 Na6 6. e3 {[%emt 0:01:03] D00: 1 d4 d5: Unusual lines.} O-O {[%emt 0:02:55] 6...0-0 is better than 6...c6.} 7. h3 c6 8. Nc3 {[%emt 0:00:08] The position is equal.} Nc7 9. Bd3 Nce8 10. O-O Nd6 11. Re1 Bf5 {[%emt 0:21:44] [#]} 12. Be5 $146 ({Predecessor:} 12. Rc1 Rc8 13. Qe2 Nfe4 14. Nb1 Re8 15. Nbd2 f6 16. c4 e5 17. dxe5 fxe5 18. Bh2 Nxd2 19. Nxd2 {1-0 (38) Alekseenko,K (2696)-Iljiushenok,I (2516) Chess.com INT 2020}) 12... Nfe4 13. Bxe4 Bxe4 14. Nd2 Bf5 15. Bxg7 Kxg7 16. f3 Qb6 17. Na4 Qb5 18. b3 b6 19. e4 Be6 20. Qe2 dxe4 21. fxe4 Qxe2 22. Rxe2 Nb5 23. Nf3 Rad8 24. Rd1 f6 25. c4 Nc7 26. d5 Bc8 {[%emt 0:01:56] [#]} (26... Bd7 $14 {might be stronger.}) 27. Nd4 $1 $16 Bb7 28. Nc3 {[%emt 0:01:05][%cal Ba4c3,Bc3b5,Bb5c7][%mdl 32] White is much more active.} c5 $2 {[%emt 0:00:17] [#] A mistake that costs the game.} (28... e5 $16) 29. Ncb5 $1 $18 cxd4 30. Nxc7 {[%emt 0:00:13] Threatens to win with Ne6+.} Bc8 31. e5 ({Much less strong is} 31. Rxd4 $6 e5) 31... Rf7 $2 (31... fxe5 32. Rxe5 Rf7 33. Rxd4 Kf8) 32. e6 Rff8 33. Rxd4 f5 34. d6 {[%emt 0:00:29] Weighted Error Value: White=0.03 (flawless) /Black=0.27 (precise)} 1-0

[Event "FRA-ch Teams Top 16-B 2022"]
[Site "Chartres"]
[Date "2022.06.09"]
[Round "1.16"]
[White "Ruhlmann, Helene"]
[Black "Monpeurt, Cyrielle"]
[Result "0-1"]
[ECO "A65"]
[WhiteElo "1779"]
[BlackElo "2172"]
[Annotator "TA"]
[PlyCount "86"]
[EventDate "2022.06.09"]
[EventType "team-tourn"]
[EventCountry "FRA"]
[SourceTitle "playchess.com"]
[Source "ChessBase"]
[SourceQuality "1"]
[TimeControl "40/5400+30:1800+30"]

1. d4 Nf6 2. c4 c5 3. d5 e6 4. Nc3 exd5 5. cxd5 d6 6. e4 g6 7. h3 {[%emt 0:00:58] A65: Modern Benoni: 6 e4.} a6 8. a4 {[%emt 0:02:48] Prevents b5.} Nbd7 9. Nf3 {[%emt 0:03:01] White is slightly better.} Bg7 10. Bd3 Nh5 11. Bg5 {[%emt 0:07:25] 11.g4 is setting a new trend.} Bf6 12. Be3 Ne5 13. Nxe5 Bxe5 14. Qd2 O-O 15. g4 Ng7 16. f4 Bd4 {[%emt 0:07:18] [#]} 17. Bxd4 $146 (17. O-O-O $14) ({Predecessor:} 17. O-O-O Bd7 18. Bc2 b5 19. Bxd4 cxd4 20. Qxd4 Rc8 21. Kb1 Rc4 22. Qd3 Qa5 23. Na2 {0-1 (73) Roos,J (2273)-Libiszewski,F (2505) France 2009}) 17... cxd4 $11 18. Nd1 f5 19. Nf2 fxe4 ({Better is} 19... Bd7 $1 $11) 20. Nxe4 $14 b6 (20... Bd7 $1 $14) 21. O-O $36 {[%emt 0:08:34][%mdl 2048] White is really pushing.} Ra7 (21... Bb7 $16) 22. Rac1 (22. Rf3 $18) 22... Qh4 (22... h5 $16 {was called for.}) 23. Nxd6 $18 Bd7 24. Rf3 h5 {[%emt 0:05:24] [#]} 25. g5 {[%emt 0:00:24] And now Bf1 would win.} ({And not} 25. Bxg6 hxg4 26. Rf2 Qf6 27. Bf7+ Rxf7 28. Nxf7 g3 $17) 25... Bxh3 {[%emt 0:01:21] Strongly threatening ...Qg4+.} 26. Qh2 (26. Qf2 $18 {and White stays clearly on top.} Qxf2+ 27. Rxf2) 26... Qg4+ $16 27. Rg3 $2 {[%emt 0:00:12][%mdl 8192] This costs White the game.} (27. Kf2 $16 {and life is bright.} Qh4+ 28. Qg3 Qxg3+ 29. Kxg3) 27... Qxf4 $19 {[%emt 0:00:18] The board is on fire.} 28. Rxh3 $2 (28. Ra1 $19 Bf5 29. Nxf5 Nxf5 30. Rh3 Qxg5+ 31. Qg2 Qxg2+ 32. Kxg2) 28... Qxc1+ 29. Kg2 Qxb2+ (29... Rc7 $142 30. Qg1 Qxb2+ 31. Kh1 Rc1) 30. Kh1 Qc1+ 31. Qg1 Qc5 32. Ne4 Qxd5 {[%emt 0:00:30] Threatens to win with ...Ne6.} 33. Qg2 Kh8 {[%emt 0:03:18] aiming for ...Ne6.} 34. Nf6 Qxg2+ 35. Kxg2 Ne8 36. Nxe8 Rxe8 37. Bxg6 {[%emt 0:00:07][%mdl 4096] Endgame KRR-KRB} Re5 38. Rxh5+ {[%emt 0:01:31] [#]} Kg8 $1 {[%emt 0:06:53] ...Rg7 is the strong threat.} 39. Bd3 Rg7 40. Rh6 Rexg5+ 41. Kf2 Rf7+ 42. Ke2 Rg2+ 43. Kd1 Rff2 {[%emt 0:00:50] Weighted Error Value: White=0.59/Black=0.46} 0-1

[Event "FRA-ch Teams Top 16-B 2022"]
[Site "Chartres"]
[Date "2022.06.09"]
[Round "1.17"]
[White "Kirk, Ezra"]
[Black "Vocaturo, Daniele"]
[Result "0-1"]
[ECO "C68"]
[WhiteElo "2446"]
[BlackElo "2608"]
[Annotator "TA"]
[PlyCount "86"]
[EventDate "2022.06.09"]
[EventType "team-tourn"]
[EventCountry "FRA"]
[SourceTitle "playchess.com"]
[Source "ChessBase"]
[SourceQuality "1"]
[TimeControl "40/5400+30:1800+30"]

1. e4 e5 2. Nf3 Nc6 3. Bb5 a6 4. Bxc6 dxc6 5. O-O Bd6 6. d4 exd4 {[%emt 0:01:09] [#]} 7. Qd2 $146 {[%emt 1:19:33] C68: Ruy Lopez: Exchange Variation, sidelines.} (7. Qxd4 $11 f6 8. Be3) ({Predecessor:} 7. Qxd4 f6 8. Be3 Ne7 9. Nbd2 Be6 10. Qc3 Qd7 11. Nc4 Bxc4 12. Qxc4 Ng6 13. Nd4 Ne5 14. Qb3 O-O-O 15. f3 Rhe8 16. Rad1 g6 17. Bf2 Bc5 {½-½ (54) McShane,L (2675)-Mamedyarov,S (2772) Germany 2021}) 7... d3 (7... c5 $15) 8. Qxd3 f6 9. Qd4 (9. Qb3 $142) 9... Be6 10. Nbd2 Ne7 11. b3 O-O 12. Bb2 Bb4 $2 13. Nc4 $2 (13. Qxb4 $18 a5 14. Qc3 (14. Qxb7 Qd7 $16)) 13... Qd5 $2 14. c3 $2 (14. exd5 $18 cxd5 15. a3) 14... Qxd4 $11 15. Nxd4 Bxc4 16. bxc4 Bd6 17. c5 Be5 18. Ne6 Rfe8 {[%emt 0:00:00] With the idea ...Ng6.} 19. f4 Ng6 20. Nxg7 Kxg7 21. fxe5 Nxe5 22. c4 Re6 23. Rad1 Rae8 24. Rd4 b6 25. cxb6 (25. Rd2 {with more complications.} Nxc4 26. Rd7+ Kg6 27. Bc3) 25... cxb6 26. c5 b5 27. Bc3 Kg6 28. h3 R8e7 29. Rd8 h5 30. Rfd1 Nf7 31. Rc8 (31. Rg8+ $11 Kh7 32. Ra8) 31... Ng5 (31... Re8 {is more complex.} 32. Rc7 Ng5 33. Ra7 Rxe4 34. Rd6 Rf4) 32. e5 fxe5 33. Ra8 Ne4 34. Bb4 Nf6 $36 {[%emt 0:00:00][%mdl 2048] Black is more active.} 35. Rxa6 (35. Rd6 $15) 35... Nd5 $17 36. Be1 e4 37. a4 {[%emt 0:00:34] And now axb5 would win.} bxa4 ({Black should play} 37... b4 $1 {White must now prevent ...e3.} 38. a5 e3) 38. Rxa4 e3 39. Ra6 e2 $1 {[%emt 0:00:13] Black is more active.} 40. Rd3 {[%emt 0:00:23] [#]} Rf7 $1 {[%emt 0:02:13] Hoping for ...Rf1+.} 41. Rf3 {[%emt 0:30:14] Against Rf1+} (41. Rg3+ Kh7 42. Rf3 Rxf3 43. Ra7+ Kg6 44. gxf3) 41... Rxf3 $19 {[%emt 0:30:50] Black is clearly winning.} 42. gxf3 {[%emt 0:00:03] [#]} Nf4 $1 43. h4 Nd3 $1 {[%emt 0:00:00][%csl LRc5,LRe1] What a bad dream for White.  Weighted Error Value: White=0.60/Black=0.32} 0-1

[Event "FRA-ch Teams Top 16-B 2022"]
[Site "Chartres"]
[Date "2022.06.09"]
[Round "1.18"]
[White "Amin, Bassem"]
[Black "Ternault, Mathieu"]
[Result "1-0"]
[ECO "A08"]
[WhiteElo "2686"]
[BlackElo "2367"]
[Annotator "TA"]
[PlyCount "139"]
[EventDate "2022.06.09"]
[EventType "team-tourn"]
[EventCountry "FRA"]
[SourceTitle "playchess.com"]
[Source "ChessBase"]
[SourceQuality "1"]
[TimeControl "40/5400+30:1800+30"]

1. e4 e6 2. d3 d5 3. Nd2 c5 4. g3 Nc6 5. Bg2 Nf6 6. Ngf3 g6 7. O-O Bg7 8. Re1 O-O 9. c3 a5 {[%emt 0:00:43] 9...a5 is better than 9...b6.} 10. a4 {[%emt 0:00:29] A08: King's Indian Attack.} b6 11. Nb1 e5 12. exd5 {[%emt 0:01:12] The position is equal.} Nxd5 13. Na3 {[%emt 0:00:44] [#]} h6 $146 ({Predecessor:} 13... Re8 14. Qb3 h6 15. Ng5 hxg5 16. Qxd5 Bb7 17. Nc4 e4 18. Qxd8 Raxd8 19. Bxg5 f6 20. Bf4 Rxd3 21. Bxe4 Rxe4 22. Rxe4 {1-0 (21) Miroshnichenko,E (2628)-Bajarani,U (2425) Al Ain 2012}) 14. Nc4 Re8 ({Much less strong is} 14... Bg4 15. h3 Bxf3 16. Qxf3 $16) 15. h4 Bg4 16. Qc2 Ra7 17. Nh2 Be6 18. Qe2 f5 19. h5 gxh5 ({Black should try} 19... g5 $11) 20. Qxh5 $14 Nf6 {[%emt 0:00:00][%csl LRd3,LRh5] [#]} 21. Qh4 {[%emt 0:03:01] White is more active.} ({Don't go for} 21. Qg6 $2 Ne7 22. Qxe8+ Qxe8 $19) (21. Qe2 $1 $16 Bxc4 22. dxc4) 21... Bd5 (21... e4 $1 $11 {and Black stays safe.}) 22. Bxd5+ Nxd5 23. Qxd8 (23. Qh5 $142) 23... Rxd8 24. Ra3 (24. Nf3 $16) 24... Re7 25. Nf1 Re6 26. Kg2 Kf7 27. Rb3 Nce7 28. Nfe3 Rd7 29. Rb5 h5 ({Black should play} 29... Nxe3+ $14 30. Rxe3 Nd5) 30. Nxd5 $16 Nxd5 {[%emt 0:00:10] [#]} 31. f4 $1 Rde7 32. fxe5 Bxe5 33. d4 (33. Rf1 $16 f4 34. d4 (34. gxf4 Rg6+ 35. Kf2 Bxf4 $11) (34. Nxe5+ Rxe5 35. c4 Re2+ 36. Kh3 Nf6 $16)) 33... Bc7 $11 34. Rxe6 (34. Rf1 {with more complications.} Re2+ 35. Rf2 Rxf2+ 36. Kxf2 Re4 37. Ne3) 34... Kxe6 35. dxc5 bxc5 36. Bh6 {[%emt 0:00:53] Against Rg7} Rh7 (36... Re8 $11) 37. Rxc5 $14 {[%emt 0:00:26][%cal Og2f3] White stays focused until the end.} f4 (37... Rh8 $142) 38. Bxf4 $16 Nxf4+ (38... Bxf4 $16 {was necessary.} 39. gxf4 Nxf4+ 40. Kf3 Nd3 41. Rxa5 h4) 39. gxf4 $18 Bxf4 40. Rxa5 $16 {[%emt 0:00:41][%mdl 4096] Endgame KRB-KRN} Rc7 41. b3 {[%emt 0:30:55] Threatens to win with Kf3.} h4 42. Rh5 Rg7+ 43. Kf3 Bc7 (43... Bg5 44. a5 Rf7+ 45. Kg4 Bf6) 44. Rh6+ Kd7 45. Rxh4 (45. a5 $142) 45... Rg3+ $18 46. Ke2 Rxc3 47. b4 {[%emt 0:00:00] aiming for Kd2.} Kc6 (47... Rb3 $142 48. b5 Kc8) 48. Kd2 Rg3 49. Ne3 Bd8 50. Rc4+ Kb7 51. Nf5 Rh3 52. Kc2 Bf6 $2 (52... Bc7 53. Re4 Kc6 54. Rc4+ Kb7) 53. Nd6+ Ka7 54. a5 {[%emt 0:01:33] Hoping for Rc7+.} Be5 55. Nb5+ Kb7 56. Rc5 Bh8 (56... Bf4 $18 57. Rf5 Bb8) 57. Nd6+ Ka7 58. b5 Bd4 59. Rc4 Bg1 60. Rc7+ Kb8 61. b6 Rh8 62. Rb7+ Ka8 63. Rd7 Kb8 64. Kd3 Bh2 65. Kc4 Bg1 66. Kb5 Bf2 67. Kc6 Bg1 68. Rb7+ Ka8 69. Rc7 Kb8 70. b7 {[%emt 0:00:29] Weighted Error Value: White=0.20 (precise) /Black=0.51} 1-0

[Event "FRA-ch Teams Top 16-B 2022"]
[Site "Chartres"]
[Date "2022.06.09"]
[Round "1.19"]
[White "Fantinel, Thibault"]
[Black "Hamdouchi, Hicham"]
[Result "1/2-1/2"]
[ECO "B30"]
[WhiteElo "2388"]
[BlackElo "2536"]
[Annotator "TA"]
[PlyCount "94"]
[EventDate "2022.06.09"]
[EventType "team-tourn"]
[EventCountry "FRA"]
[SourceTitle "playchess.com"]
[Source "ChessBase"]
[SourceQuality "1"]
[TimeControl "40/5400+30:1800+30"]

1. e4 c5 2. Nf3 Nc6 3. Bb5 e6 4. O-O Nge7 5. Re1 a6 6. Bf1 d5 7. exd5 Nxd5 8. d4 Nf6 9. Be3 Be7 {[%emt 0:02:06] B30: Sicilian: 2...Nc6 3 Bb5, lines without ...g6.} 10. dxc5 Qxd1 11. Rxd1 Ng4 {[%emt 0:00:39] White has an edge.} 12. Bf4 {[%emt 0:03:05] Bd6 is the strong threat.} Bxc5 13. Bg3 {[%emt 0:00:06] [#]} f6 $146 ({Predecessor:} 13... h5 14. Rd2 Nf6 15. Nc3 b5 16. Bd3 Bb7 17. a4 b4 18. Ne4 Nxe4 19. Bxe4 Rd8 {½-½ (26) Tsydypov,Z (2558)-Maghsoodloo,P (2676) Chess.com INT 2020}) 14. Nc3 e5 15. Ne4 Be7 16. Nd6+ Bxd6 17. Rxd6 Nh6 18. Rd2 Nf5 19. Ne1 Be6 20. Nd3 O-O-O {[%emt 0:18:57] And now ...e4 would win.} 21. Rad1 Nxg3 22. hxg3 Bf5 23. c3 a5 (23... Rd5 $5 ) 24. f3 {[%emt 0:05:23] The position is equal.} Kc7 25. g4 Bc8 26. Kf2 b6 27. b3 Rd6 28. Nb2 Rxd2+ 29. Rxd2 e4 30. Nc4 exf3 31. gxf3 h5 32. gxh5 Rxh5 33. Kg3 Ne7 34. Nd6 Bd7 35. c4 {[%emt 0:03:57] Against Rd5} Bc6 36. f4 Rh1 37. Bg2 Rg1 38. Nb5+ Bxb5 39. cxb5 $11 {[%emt 0:00:04][%mdl 4096] Endgame KRB-KRN} Nf5+ 40. Kh2 Rc1 41. Bh3 Rc5 42. Rg2 Kd6 43. a4 Nd4 {[%emt 0:02:59] [#] Hoping for ...Nf3+.} 44. Rxg7 Rc2+ 45. Kg3 $1 Rc3+ 46. Kh2 Rc2+ 47. Kg3 Rc3+ {[%emt 0:00:37] Weighted Error Value: White=0.03 (flawless) /Black=0.04 (flawless)} 1/2-1/2

[Event "FRA-ch Teams Top 16-B 2022"]
[Site "Chartres"]
[Date "2022.06.09"]
[Round "1.20"]
[White "Gharamian, Tigran"]
[Black "Le Hetet, Nicolas"]
[Result "1-0"]
[ECO "B32"]
[WhiteElo "2602"]
[BlackElo "2372"]
[Annotator "TA"]
[PlyCount "59"]
[EventDate "2022.06.09"]
[EventType "team-tourn"]
[EventCountry "FRA"]
[SourceTitle "playchess.com"]
[Source "ChessBase"]
[SourceQuality "1"]
[TimeControl "40/5400+30:1800+30"]

1. e4 c5 2. Nf3 Nc6 3. d4 cxd4 4. Nxd4 e5 5. Nb5 d6 6. c4 Be7 {[%emt 0:01:53] 6...Be6 is the modern continuation.} 7. N5c3 {[%emt 0:01:22] B32: Sicilian: Löwenthal and Kalashnikov Variations.} Be6 8. Nd5 Nf6 9. Nbc3 {[%emt 0:01:53] White is slightly better.} Rc8 {[%emt 0:03:46] [#]} 10. Bd3 $146 ({Predecessor:} 10. Be2 O-O 11. Be3 Ne8 12. O-O f5 13. exf5 Bxf5 14. Bg4 g6 15. Nxe7+ Qxe7 16. Bf3 {1-0 (34) Capellades Subirana,M (2237)-Fuentes Godoy,L (2069) Barcelona 2017}) 10... Nd4 11. Nxe7 Qxe7 12. b3 b5 (12... a6 $14) 13. Nxb5 $16 Nxb5 14. cxb5 d5 {[%emt 0:00:10] [#]} 15. exd5 Nxd5 16. O-O O-O 17. Re1 Qb4 (17... f6 $142) 18. Bb2 {[%emt 0:11:49] This bishop pair is nice.} ({Stronger than} 18. Rxe5 Qc3 19. Rxe6 Qxa1 $15) 18... f6 19. Re4 Qd6 ({Black should try} 19... Qe7) 20. Rc4 Rfd8 21. Bf1 Qf8 (21... Ra8 $16 {might work better.}) 22. Rxc8 $18 Rxc8 23. Rc1 Nf4 (23... Rd8 $16) 24. Rxc8 Bxc8 (24... Qxc8 $142 25. Bc1 Qc7) 25. Bc1 Ne6 26. Qd5 {[%emt 0:00:55] White is clearly winning.} Qe7 27. Qa8 Qc7 28. Be3 Kf7 29. Qxa7 Bb7 30. a4 {[%emt 0:01:51] Weighted Error Value: White=0.04 (flawless) /Black=0.40} 1-0